Rangers vs RedWings

Created - November 16, 2016 at 17:49

Goals
1 2 3 T
Rangers 0 0 0 0
RedWings 3 3 1 7
Shots
1 2 3 T
Rangers 11 13 9 33
RedWings 19 9 13 41

1st period

1. RedWings , David Pastrnak 5 (Paul Martin, Loui Eriksson) at 3:20
2. RedWings , Loui Eriksson 7 (Sean Monahan) at 14:40
3. RedWings , David Pastrnak 6 (Loui Eriksson, Kevin Connauton) at 16:04

Penalties :
Chris Tanev (NYR) for Roughing (Minor) at 4:56, Karl Alzner (NYR) for Holding (Minor) at 7:52

2nd period

4. RedWings , Tyler Toffoli 8 (Filip Forsberg, Andrew Cogliano) at 7:25 (PP)
5. RedWings , Tyler Toffoli 9 (Jonathan Drouin, Paul Martin) at 8:45
6. RedWings , Sean Monahan 8 (Andrew Campbell, David Pastrnak) at 17:04

Penalties :
Craig Smith (NYR) for Hooking (Minor) at 6:07

3rd period

7. RedWings , Loui Eriksson 8 (Kevin Connauton, David Pastrnak) at 18:39

Penalties :
Jaromir Jagr (NYR) for Close Hand On Puck (Minor) at 9:07

Goalie Stats

Scott Darling (NYR), 16 saves from 21 shots - (0.762), L, 0-1-0, 28:45 minutes
Brian Elliott (NYR), 18 saves from 20 shots - (0.900), 31:15 minutes
Roberto Luongo (DET), 33 saves from 33 shots - (1.000), W, 6-3-2, 60:00 minutes

Players Stats for Rangers

Player Name              G  A  P  +/- PIM S  H  SB GA TA FO     MP     PP MP  PK MP  
------------------------------------------------------------------------------------
Alex Goligoski           0  0  0  -3  0   0  0  2  0  0  0/0    25:05   0:00   3:35 
Benoit Pouliot           0  0  0  -1  0   3  0  0  0  0  1/1    15:29   0:00   0:45 
Brad Richards            0  0  0  -2  0   1  1  0  0  0  18/32  20:47   0:00   1:35 
Cedric Paquette          0  0  0  -1  0   0  1  0  0  0  0/0     6:09   0:00   1:41 
Chris Tanev              0  0  0  -3  2   1  0  2  0  0  0/0    19:38   0:00   3:02 
Connor McDavid           0  0  0  -3  0   4  1  0  0  0  11/24  22:06   0:00   2:05 
Craig Smith              0  0  0  -3  2   2  2  0  0  0  2/3    20:00   0:00   0:00 
Fredrik Claesson         0  0  0   0  0   1  0  1  0  0  0/0    15:50   0:00   1:12 
Jaromir Jagr             0  0  0  -1  2   3  1  0  0  0  3/8    18:18   0:00   3:35 
Joel Edmundson           0  0  0   0  0   0  0  0  0  0  0/0    14:38   0:00   0:00 
Karl Alzner              0  0  0  -3  2   0  1  1  0  0  0/0    24:08   0:00   2:39 
Kris Russell             0  0  0  -3  0   0  1  2  0  0  0/0    20:39   0:00   4:02 
Matt Calvert             0  0  0  -1  0   2  0  0  0  0  0/1    18:21   0:00   4:49 
Mikael Backlund          0  0  0  -1  0   2  0  0  0  0  0/0     4:28   0:00   0:00 
Nick Schultz             0  0  0   0  0   0  0  0  0  0  0/0     0:00   0:00   0:00 
Sean Couturier           0  0  0  -1  0   5  0  0  0  0  12/22  13:32   0:00   0:00 
Tomas Tatar              0  0  0  -3  0   7  0  0  0  0  1/2    20:01   0:00   0:00 
Tyler Ennis              0  0  0  -1  0   2  0  0  0  0  0/0    13:32   0:00   0:00 

Players Stats for RedWings

Player Name              G  A  P  +/- PIM S  H  SB GA TA FO     MP     PP MP  PK MP  
------------------------------------------------------------------------------------
Andrew Campbell          0  1  1   1  0   0  1  0  0  0  0/0    13:27   0:30   0:00 
Andrew Cogliano          0  1  1   0  0   1  0  0  0  0  0/1    10:33   3:22   0:00 
David Pastrnak           2  2  4   5  0   4  1  0  0  0  0/0    21:43   3:53   0:00 
Eric Gryba               0  0  0   2  0   2  3  0  0  0  0/0    21:39   3:51   0:00 
Erik Haula               0  0  0   0  0   2  0  0  0  0  1/2    11:12   0:00   0:00 
Filip Forsberg           0  1  1   1  0   5  2  1  0  0  1/1    19:54   3:22   0:00 
Jonathan Drouin          0  1  1   1  0   1  1  0  0  0  12/29  20:25   3:53   0:00 
Kevin Connauton          0  2  2   2  0   0  0  2  0  0  0/0    17:48   0:00   0:00 
Loui Eriksson            2  2  4   5  0   4  0  0  0  0  0/2    17:50   0:00   0:00 
Micheal Ferland          0  0  0   0  0   0  0  1  0  0  0/0     7:11   0:00   0:00 
Mikhail Grabovski        0  0  0   0  0   2  0  0  0  0  4/13   11:12   0:00   0:00 
Paul Martin              0  2  2   3  0   2  1  2  0  0  0/0    25:08   3:08   0:00 
Sam Gagner               0  0  0   0  0   1  0  0  0  0  1/1    11:12   0:00   0:00 
Sean Monahan             1  1  2   5  0   7  0  0  0  0  18/28  21:43   3:53   0:00 
Thomas Hickey            0  0  0   2  0   0  1  3  0  0  0/0    22:54   3:51   0:00 
Tyler Toffoli            2  0  2   1  0   5  0  0  0  0  3/7    19:54   3:22   0:00 
Vincent Lecavalier       0  0  0   0  0   1  0  0  0  0  5/9     7:11   0:00   0:00 
Zach Trotman             0  0  0   2  0   4  1  4  0  0  0/0    19:04   3:10   0:00 

3 Stars

1 - David Pastrnak (DET)
2 - Loui Eriksson (DET)
3 - Roberto Luongo (DET)

Power Play

Rangers - 0 on 0 Attempt(s) - 0.00%
RedWings - 1 on 4 Attempt(s) - 25.00%

Penalty Kill

Rangers - 3 on 4 Attempt(s) - 75.00% - Score 0 goal in Penalty Kill
RedWings - 0 on 0 Attempt(s) - 0.00% - Score 0 goal in Penalty Kill

Team Stat

Rangers - Hits : 8 - Faceoff Wins : 48 - Blocked Shots : 8 - Penalty Minutes : 8
RedWings - Hits : 11 - Faceoff Wins : 45 - Blocked Shots : 13 - Penalty Minutes : 0

Official

Referees : Steve Kozari and Dave Jackson
Linesman : Pierre Racicot and Shandor Alphonso

Game Notes

Brian Elliott enters game at 8:45 of 2nd period

Finance

Level 1 -- Attendance: 6500 (100.00%) -- Ticket Income $435,500
Level 2 -- Attendance: 4968 (99.36%) -- Ticket Income $248,400
Level 3 -- Attendance: 3500 (100.00%) -- Ticket Income $94,500
Level 4 -- Attendance: 3000 (74.50%) -- Ticket Income $24,000
Luxury Box -- Attendance: 1000 (100.00%) -- Ticket Income $130,000
Game was played at the Joe Louis Arena.
Total Attendance: 18968 (94.71%)
Total Ticket Income: $932,400
Other Income: $139,860
Total Income: $1,072,260

% Time on Ice - Rangers

Lines # - Real PCT - Wanted PCT - Time Play
Normal Forward
1 - 38% - 40% - 20:01
2 - 28% - 30% - 14:44
3 - 26% - 20% - 13:32
4 - 8% - 10% - 4:28
Normal Defense
1 - 38% - 40% - 19:52
2 - 32% - 30% - 16:37
3 - 28% - 20% - 14:38
4 - 3% - 10% - 1:38
PP Forward
1 - 0% - 60%
2 - 0% - 40%
PP Defense
1 - 0% - 60%
2 - 0% - 40%
PK Forward
1 - 77% - 60% - 5:34
2 - 23% - 40% - 1:41
PK Defense
1 - 64% - 60% - 4:38
2 - 36% - 40% - 2:37
PK3 Forward
1 - 0% - 60%
2 - 0% - 40%
PK3 Defense
1 - 0% - 60%
2 - 0% - 40%
44 Forward
1 - 0% - 60%
2 - 0% - 40%
44 Defense
1 - 0% - 60%
2 - 0% - 40%
Last Minute Offensive  - 0:00
Last Minute Defensive  - 0:00
Total
Forward - 60:00
Defense - 60:00

% Time on Ice - RedWings

Lines # - Real PCT - Wanted PCT - Time Play
Normal Forward
1 - 34% - 35% - 17:50
2 - 31% - 35% - 16:32
3 - 21% - 20% - 11:12
4 - 14% - 10% - 7:11
Normal Defense
1 - 36% - 40% - 19:03
2 - 34% - 30% - 17:48
3 - 25% - 20% - 12:57
4 - 6% - 10% - 2:57
PP Forward
1 - 46% - 60% - 3:22
2 - 54% - 40% - 3:53
PP Defense
1 - 47% - 60% - 3:24
2 - 53% - 40% - 3:51
PK Forward
1 - 0% - 60%
2 - 0% - 40%
PK Defense
1 - 0% - 60%
2 - 0% - 40%
PK3 Forward
1 - 0% - 60%
2 - 0% - 40%
PK3 Defense
1 - 0% - 60%
2 - 0% - 40%
44 Forward
1 - 0% - 60%
2 - 0% - 40%
44 Defense
1 - 0% - 60%
2 - 0% - 40%
Last Minute Offensive  - 0:00
Last Minute Defensive  - 0:00
Total
Forward - 60:00
Defense - 60:00

Play by Play

1st period


0:01 of 1st period - Sean Monahan wins face-off versus Connor McDavid in neutral zone.
0:15 of 1st period - Connor McDavid is hit by Paul Martin and loses puck.
0:42 of 1st period - Shot by Connor McDavid.
0:42 of 1st period - Shot Misses the Net.
0:53 of 1st period - Off-side.
0:54 of 1st period - Brad Richards wins face-off versus Jonathan Drouin in neutral zone.
0:59 of 1st period - Shot by Benoit Pouliot.
0:59 of 1st period - Shot Blocked by Kevin Connauton.
2:04 of 1st period - Shot by Erik Haula.
2:04 of 1st period - Stopped by Scott Darling without a rebound.
2:05 of 1st period - Connor McDavid wins face-off versus Vincent Lecavalier in Rangers zone.
2:22 of 1st period - Shot by Tomas Tatar.
2:22 of 1st period - Deflect By Craig Smith.
2:22 of 1st period - Stopped by Roberto Luongo without a rebound.
2:23 of 1st period - Sean Couturier wins face-off versus Mikhail Grabovski in RedWings zone.
2:44 of 1st period - Off-side.
2:45 of 1st period - Jonathan Drouin wins face-off versus Brad Richards in neutral zone.
2:45 of 1st period - Tyler Toffoli is hit by Cedric Paquette and loses puck.
2:57 of 1st period - Off-side.
2:58 of 1st period - Sean Monahan wins face-off versus Connor McDavid in neutral zone.
3:05 of 1st period - Shot by Sean Monahan.
3:05 of 1st period - Deflect By Loui Eriksson.
3:05 of 1st period - Stopped by Scott Darling without a rebound.
3:06 of 1st period - Brad Richards wins face-off versus Jonathan Drouin in Rangers zone.
3:08 of 1st period - Icing by Mikael Backlund.
3:09 of 1st period - Sean Monahan wins face-off versus Brad Richards in Rangers zone.
3:20 of 1st period - Shot by David Pastrnak.
3:20 of 1st period - Goal by David Pastrnak - Rangers : 0 - RedWings : 1.
3:21 of 1st period - Connor McDavid wins face-off versus Jonathan Drouin in neutral zone.
3:26 of 1st period - Shot by Connor McDavid.
3:26 of 1st period - Stopped by Roberto Luongo without a rebound.
3:27 of 1st period - Jonathan Drouin wins face-off versus Sean Couturier in RedWings zone.
3:31 of 1st period - Icing by Filip Forsberg.
3:32 of 1st period - Connor McDavid wins face-off versus Jonathan Drouin in RedWings zone.
3:35 of 1st period - Shot by Tomas Tatar.
3:35 of 1st period - Shot Misses the Net.
3:37 of 1st period - Shot by Tomas Tatar.
3:37 of 1st period - Stopped by Roberto Luongo without a rebound.
3:38 of 1st period - Brad Richards wins face-off versus Vincent Lecavalier in RedWings zone.
4:16 of 1st period - Thomas Hickey is hit by Brad Richards and loses puck.
4:40 of 1st period - Paul Martin is hit by Kris Russell and loses puck.
4:56 of 1st period - Minor Penalty to Chris Tanev for Roughing.
4:57 of 1st period - Sean Monahan wins face-off versus Jaromir Jagr in Rangers zone.
5:02 of 1st period - Shot by Andrew Campbell.
5:02 of 1st period - Shot Misses the Net.
5:06 of 1st period - Shot by Jonathan Drouin.
5:06 of 1st period - Shot Misses the Net.
5:10 of 1st period - Shot by Jonathan Drouin.
5:10 of 1st period - Shot Misses the Net.
5:12 of 1st period - Shot by Zach Trotman.
5:12 of 1st period - Stopped by Scott Darling without a rebound.
5:13 of 1st period - Sean Monahan wins face-off versus Jaromir Jagr in Rangers zone.
5:14 of 1st period - Shot by David Pastrnak.
5:14 of 1st period - Shot Misses the Net.
5:16 of 1st period - Shot by Zach Trotman.
5:16 of 1st period - Shot Misses the Net.
5:26 of 1st period - Shot by Jonathan Drouin.
5:26 of 1st period - Deflect By Sean Monahan.
5:26 of 1st period - Shot Misses the Net.
5:38 of 1st period - Shot by David Pastrnak.
5:38 of 1st period - Stopped by Scott Darling without a rebound.
5:39 of 1st period - Connor McDavid wins face-off versus Tyler Toffoli in Rangers zone.
5:58 of 1st period - Shot by Andrew Cogliano.
5:58 of 1st period - Shot Blocked by Karl Alzner.
6:00 of 1st period - Shot by Thomas Hickey.
6:00 of 1st period - Shot Misses the Net.
6:02 of 1st period - Shot by Andrew Cogliano.
6:02 of 1st period - Stopped by Scott Darling without a rebound.
6:03 of 1st period - Jaromir Jagr wins face-off versus Sean Monahan in Rangers zone.
6:28 of 1st period - Shot by David Pastrnak.
6:28 of 1st period - Shot Misses the Net.
6:49 of 1st period - Off-side.
6:50 of 1st period - Tyler Toffoli wins face-off versus Jaromir Jagr in neutral zone.
6:57 of 1st period - Shot by Tyler Toffoli.
6:57 of 1st period - Shot Misses the Net.
7:13 of 1st period - Shot by Tomas Tatar.
7:13 of 1st period - Stopped by Roberto Luongo without a rebound.
7:14 of 1st period - Brad Richards wins face-off versus Vincent Lecavalier in RedWings zone.
7:32 of 1st period - Alex Goligoski is hit by Zach Trotman and loses puck.
7:52 of 1st period - Minor Penalty to Karl Alzner for Holding.
7:53 of 1st period - Jaromir Jagr wins face-off versus Sean Monahan in Rangers zone.
8:26 of 1st period - Shot by Jonathan Drouin.
8:26 of 1st period - Shot Blocked by Kris Russell.
9:18 of 1st period - Shot by Zach Trotman.
9:18 of 1st period - Stopped by Scott Darling with a rebound.
9:20 of 1st period - Shot by Paul Martin.
9:20 of 1st period - Stopped by Scott Darling with a rebound.
9:22 of 1st period - Shot by Zach Trotman.
9:22 of 1st period - Shot Blocked by Kris Russell.
9:24 of 1st period - Shot by Tyler Toffoli.
9:24 of 1st period - Stopped by Scott Darling without a rebound.
9:25 of 1st period - Tyler Toffoli wins face-off versus Connor McDavid in Rangers zone.
9:32 of 1st period - Shot by Filip Forsberg.
9:32 of 1st period - Shot Misses the Net.
9:34 of 1st period - Shot by Filip Forsberg.
9:34 of 1st period - Shot Misses the Net.
9:36 of 1st period - Shot by Tyler Toffoli.
9:36 of 1st period - Shot Blocked by Fredrik Claesson.
9:38 of 1st period - Shot by Paul Martin.
9:38 of 1st period - Stopped by Scott Darling without a rebound.
9:39 of 1st period - Sean Monahan wins face-off versus Jaromir Jagr in Rangers zone.
9:52 of 1st period - Shot by Jonathan Drouin.
9:52 of 1st period - Shot Misses the Net.
9:54 of 1st period - Shot by Erik Haula.
9:54 of 1st period - Shot Misses the Net.
9:56 of 1st period - Shot by Zach Trotman.
9:56 of 1st period - Shot Misses the Net.
9:58 of 1st period - Shot by Mikhail Grabovski.
9:58 of 1st period - Stopped by Scott Darling with a rebound.
10:00 of 1st period - Shot by Zach Trotman.
10:00 of 1st period - Stopped by Scott Darling without a rebound.
10:01 of 1st period - Tomas Tatar wins face-off versus Erik Haula in Rangers zone.
10:11 of 1st period - Shot by Fredrik Claesson.
10:11 of 1st period - Stopped by Roberto Luongo without a rebound.
10:12 of 1st period - Sean Monahan wins face-off versus Brad Richards in RedWings zone.
10:37 of 1st period - Shot by Sean Monahan.
10:37 of 1st period - Stopped by Scott Darling without a rebound.
10:38 of 1st period - Connor McDavid wins face-off versus Jonathan Drouin in Rangers zone.
10:38 of 1st period - Connor McDavid is hit by Filip Forsberg.
10:49 of 1st period - Icing by Filip Forsberg.
10:50 of 1st period - Sean Couturier wins face-off versus Jonathan Drouin in RedWings zone.
10:50 of 1st period - Tyler Ennis is hit by Eric Gryba and loses puck.
11:05 of 1st period - Shot by Tyler Ennis.
11:05 of 1st period - Stopped by Roberto Luongo without a rebound.
11:06 of 1st period - Craig Smith wins face-off versus Sean Monahan in RedWings zone.
11:07 of 1st period - Shot by Tomas Tatar.
11:07 of 1st period - Stopped by Roberto Luongo with a rebound.
12:28 of 1st period - Shot by Filip Forsberg.
12:28 of 1st period - Stopped by Scott Darling without a rebound.
12:29 of 1st period - Erik Haula wins face-off versus Sean Couturier in Rangers zone.
12:38 of 1st period - Shot by Mikhail Grabovski.
12:38 of 1st period - Stopped by Scott Darling with a rebound.
12:40 of 1st period - Shot by Erik Haula.
12:40 of 1st period - Shot Misses the Net.
12:54 of 1st period - Shot by Erik Haula.
12:54 of 1st period - Shot Misses the Net.
12:56 of 1st period - Shot by Sam Gagner.
12:56 of 1st period - Shot Misses the Net.
13:46 of 1st period - Icing by Eric Gryba.
13:47 of 1st period - Brad Richards wins face-off versus Jonathan Drouin in RedWings zone.
14:17 of 1st period - Off-side.
14:18 of 1st period - Sean Monahan wins face-off versus Connor McDavid in neutral zone.
14:20 of 1st period - Off-side.
14:21 of 1st period - Connor McDavid wins face-off versus Loui Eriksson in neutral zone.
14:30 of 1st period - Shot by Sean Monahan.
14:30 of 1st period - Stopped by Scott Darling without a rebound.
14:31 of 1st period - Sean Monahan wins face-off versus Sean Couturier in Rangers zone.
14:40 of 1st period - Shot by Loui Eriksson.
14:40 of 1st period - Goal by Loui Eriksson - Rangers : 0 - RedWings : 2.
14:41 of 1st period - Jonathan Drouin wins face-off versus Brad Richards in neutral zone.
14:59 of 1st period - Shot by Benoit Pouliot.
14:59 of 1st period - Stopped by Roberto Luongo with a rebound.
16:00 of 1st period - Shot by Loui Eriksson.
16:00 of 1st period - Shot Blocked by Chris Tanev.
16:04 of 1st period - Shot by David Pastrnak.
16:04 of 1st period - Goal by David Pastrnak - Rangers : 0 - RedWings : 3.
16:05 of 1st period - Sean Couturier wins face-off versus Mikhail Grabovski in neutral zone.
16:28 of 1st period - Shot by Matt Calvert.
16:28 of 1st period - Stopped by Roberto Luongo without a rebound.
16:29 of 1st period - Sean Monahan wins face-off versus Brad Richards in RedWings zone.
16:35 of 1st period - Icing by Eric Gryba.
16:36 of 1st period - Sean Monahan wins face-off versus Connor McDavid in RedWings zone.
16:44 of 1st period - Icing by Kevin Connauton.
16:45 of 1st period - Brad Richards wins face-off versus Sean Monahan in RedWings zone.
16:53 of 1st period - Kevin Connauton is hit by Jaromir Jagr and loses puck.
16:57 of 1st period - Loui Eriksson is hit by Karl Alzner and loses puck.
17:14 of 1st period - Shot by Jaromir Jagr.
17:14 of 1st period - Stopped by Roberto Luongo without a rebound.
17:15 of 1st period - Jonathan Drouin wins face-off versus Connor McDavid in RedWings zone.
17:33 of 1st period - Shot by Filip Forsberg.
17:33 of 1st period - Stopped by Scott Darling without a rebound.
17:34 of 1st period - Sean Couturier wins face-off versus Mikhail Grabovski in Rangers zone.
18:07 of 1st period - Shot by Sean Couturier.
18:07 of 1st period - Shot Misses the Net.
18:09 of 1st period - Shot by Sean Couturier.
18:09 of 1st period - Shot Misses the Net.
18:13 of 1st period - Shot by Tyler Ennis.
18:13 of 1st period - Shot Blocked by Zach Trotman.
18:35 of 1st period - Shot by Tomas Tatar.
18:35 of 1st period - Stopped by Roberto Luongo without a rebound.
18:36 of 1st period - Brad Richards wins face-off versus Jonathan Drouin in RedWings zone.
19:49 of 1st period - Off-side.
19:50 of 1st period - Vincent Lecavalier wins face-off versus Sean Couturier in neutral zone.
19:56 of 1st period - Off-side.
19:57 of 1st period - Sean Monahan wins face-off versus Tomas Tatar in neutral zone.
Goals for this period are 0 for Rangers vs 3 for RedWings.
Shots for this period are 11 for Rangers vs 19 for RedWings.

2nd period


0:01 of 2nd period - Sean Monahan wins face-off versus Connor McDavid in neutral zone.
0:01 of 2nd period - Loui Eriksson is hit by Connor McDavid.
1:11 of 2nd period - Fredrik Claesson is hit by Filip Forsberg and loses puck.
1:30 of 2nd period - Shot by Jaromir Jagr.
1:30 of 2nd period - Shot Misses the Net.
1:36 of 2nd period - Shot by Jaromir Jagr.
1:36 of 2nd period - Shot Hit the Post.
1:47 of 2nd period - Icing by Eric Gryba.
1:48 of 2nd period - Sean Couturier wins face-off versus Jonathan Drouin in RedWings zone.
2:26 of 2nd period - Shot by Chris Tanev.
2:26 of 2nd period - Shot Misses the Net.
2:28 of 2nd period - Shot by Kris Russell.
2:28 of 2nd period - Shot Misses the Net.
2:30 of 2nd period - Shot by Matt Calvert.
2:30 of 2nd period - Shot Misses the Net.
2:32 of 2nd period - Shot by Sean Couturier.
2:32 of 2nd period - Stopped by Roberto Luongo without a rebound.
2:33 of 2nd period - Vincent Lecavalier wins face-off versus Connor McDavid in RedWings zone.
2:35 of 2nd period - Andrew Cogliano is hit by Craig Smith and loses puck.
2:58 of 2nd period - Icing by Paul Martin.
2:59 of 2nd period - Brad Richards wins face-off versus Vincent Lecavalier in RedWings zone.
3:02 of 2nd period - Shot by Jaromir Jagr.
3:02 of 2nd period - Shot Misses the Net.
3:04 of 2nd period - Shot by Benoit Pouliot.
3:04 of 2nd period - Shot Misses the Net.
3:22 of 2nd period - Shot by Jaromir Jagr.
3:22 of 2nd period - Shot Blocked by Paul Martin.
3:24 of 2nd period - Shot by Fredrik Claesson.
3:24 of 2nd period - Shot Blocked by Micheal Ferland.
4:48 of 2nd period - Sean Couturier is hit by David Pastrnak.
5:22 of 2nd period - Shot by Tyler Ennis.
5:22 of 2nd period - Deflect By Sean Couturier.
5:22 of 2nd period - Shot Misses the Net.
5:24 of 2nd period - Shot by Sean Couturier.
5:24 of 2nd period - Stopped by Roberto Luongo without a rebound.
5:25 of 2nd period - Filip Forsberg wins face-off versus Brad Richards in RedWings zone.
6:02 of 2nd period - Shot by Jaromir Jagr.
6:02 of 2nd period - Stopped by Roberto Luongo without a rebound.
6:03 of 2nd period - Connor McDavid wins face-off versus Mikhail Grabovski in RedWings zone.
6:07 of 2nd period - Minor Penalty to Craig Smith for Hooking.
6:08 of 2nd period - Jaromir Jagr wins face-off versus Jonathan Drouin in Rangers zone.
6:08 of 2nd period - Jaromir Jagr is hit by Jonathan Drouin.
6:23 of 2nd period - Icing by Zach Trotman.
6:24 of 2nd period - Sean Monahan wins face-off versus Jaromir Jagr in RedWings zone.
7:08 of 2nd period - Icing by Filip Forsberg.
7:09 of 2nd period - Connor McDavid wins face-off versus Tyler Toffoli in RedWings zone.
7:25 of 2nd period - Shot by Tyler Toffoli.
7:25 of 2nd period - Goal by Tyler Toffoli - Rangers : 0 - RedWings : 4.
7:26 of 2nd period - Mikhail Grabovski wins face-off versus Connor McDavid in neutral zone.
7:47 of 2nd period - Shot by Tomas Tatar.
7:47 of 2nd period - Stopped by Roberto Luongo without a rebound.
7:48 of 2nd period - Sean Monahan wins face-off versus Brad Richards in RedWings zone.
8:03 of 2nd period - Shot by David Pastrnak.
8:03 of 2nd period - Shot Misses the Net.
8:14 of 2nd period - Off-side.
8:15 of 2nd period - Jonathan Drouin wins face-off versus Connor McDavid in neutral zone.
8:45 of 2nd period - Shot by Jonathan Drouin.
8:45 of 2nd period - Deflect By Tyler Toffoli.
8:45 of 2nd period - Goal by Tyler Toffoli - Rangers : 0 - RedWings : 5.
8:45 of 2nd period - Brian Elliott enters game.
8:46 of 2nd period - Brad Richards wins face-off versus Sean Monahan in neutral zone.
8:51 of 2nd period - Shot by Benoit Pouliot.
8:51 of 2nd period - Stopped by Roberto Luongo without a rebound.
8:52 of 2nd period - Brad Richards wins face-off versus Loui Eriksson in RedWings zone.
8:57 of 2nd period - Shot by Brad Richards.
8:57 of 2nd period - Deflect By Jaromir Jagr.
8:57 of 2nd period - Shot Misses the Net.
10:20 of 2nd period - Shot by Filip Forsberg.
10:20 of 2nd period - Shot Blocked by Chris Tanev.
10:22 of 2nd period - Shot by Tyler Toffoli.
10:22 of 2nd period - Stopped by Brian Elliott without a rebound.
10:23 of 2nd period - Sean Couturier wins face-off versus Mikhail Grabovski in Rangers zone.
11:24 of 2nd period - Shot by Connor McDavid.
11:24 of 2nd period - Deflect By Tomas Tatar.
11:24 of 2nd period - Shot Blocked by Zach Trotman.
11:26 of 2nd period - Shot by Connor McDavid.
11:26 of 2nd period - Shot Misses the Net.
11:28 of 2nd period - Shot by Tomas Tatar.
11:28 of 2nd period - Shot Blocked by Zach Trotman.
12:20 of 2nd period - Shot by Jaromir Jagr.
12:20 of 2nd period - Shot Misses the Net.
13:26 of 2nd period - Shot by Sean Couturier.
13:26 of 2nd period - Stopped by Roberto Luongo without a rebound.
13:27 of 2nd period - Sean Monahan wins face-off versus Craig Smith in RedWings zone.
14:03 of 2nd period - Shot by Tomas Tatar.
14:03 of 2nd period - Shot Blocked by Kevin Connauton.
14:05 of 2nd period - Shot by Connor McDavid.
14:05 of 2nd period - Stopped by Roberto Luongo with a rebound.
14:07 of 2nd period - Shot by Connor McDavid.
14:07 of 2nd period - Shot Misses the Net.
14:27 of 2nd period - Shot by Mikael Backlund.
14:27 of 2nd period - Shot Misses the Net.
14:29 of 2nd period - Shot by Mikael Backlund.
14:29 of 2nd period - Shot Misses the Net.
14:33 of 2nd period - Shot by Brad Richards.
14:33 of 2nd period - Shot Misses the Net.
14:35 of 2nd period - Shot by Cedric Paquette.
14:35 of 2nd period - Shot Misses the Net.
14:37 of 2nd period - Shot by Mikael Backlund.
14:37 of 2nd period - Stopped by Roberto Luongo without a rebound.
14:38 of 2nd period - Sean Couturier wins face-off versus Jonathan Drouin in RedWings zone.
14:45 of 2nd period - Shot by Fredrik Claesson.
14:45 of 2nd period - Shot Blocked by Thomas Hickey.
14:47 of 2nd period - Shot by Fredrik Claesson.
14:47 of 2nd period - Shot Misses the Net.
14:49 of 2nd period - Shot by Matt Calvert.
14:49 of 2nd period - Shot Blocked by Paul Martin.
14:51 of 2nd period - Shot by Matt Calvert.
14:51 of 2nd period - Shot Misses the Net.
15:01 of 2nd period - Shot by Sean Couturier.
15:01 of 2nd period - Shot Blocked by Thomas Hickey.
15:03 of 2nd period - Shot by Sean Couturier.
15:03 of 2nd period - Stopped by Roberto Luongo without a rebound.
15:04 of 2nd period - Vincent Lecavalier wins face-off versus Brad Richards in RedWings zone.
15:14 of 2nd period - Shot by Vincent Lecavalier.
15:14 of 2nd period - Stopped by Brian Elliott without a rebound.
15:15 of 2nd period - Connor McDavid wins face-off versus Jonathan Drouin in Rangers zone.
15:30 of 2nd period - Shot by Jonathan Drouin.
15:30 of 2nd period - Shot Hit the Post.
15:34 of 2nd period - Shot by Filip Forsberg.
15:34 of 2nd period - Deflect By Tyler Toffoli.
15:34 of 2nd period - Shot Misses the Net.
16:07 of 2nd period - Shot by Micheal Ferland.
16:07 of 2nd period - Shot Blocked by Alex Goligoski.
17:00 of 2nd period - Shot by David Pastrnak.
17:00 of 2nd period - Stopped by Brian Elliott with a rebound.
17:02 of 2nd period - Shot by Andrew Campbell.
17:02 of 2nd period - Shot Misses the Net.
17:04 of 2nd period - Shot by Sean Monahan.
17:04 of 2nd period - Goal by Sean Monahan - Rangers : 0 - RedWings : 6.
17:05 of 2nd period - Sam Gagner wins face-off versus Sean Couturier in neutral zone.
17:11 of 2nd period - Icing by Joel Edmundson.
17:12 of 2nd period - Jonathan Drouin wins face-off versus Matt Calvert in Rangers zone.
17:15 of 2nd period - Shot by Jonathan Drouin.
17:15 of 2nd period - Deflect By Filip Forsberg.
17:15 of 2nd period - Stopped by Brian Elliott with a rebound.
17:23 of 2nd period - Shot by Filip Forsberg.
17:23 of 2nd period - Stopped by Brian Elliott with a rebound.
17:45 of 2nd period - Shot by Sean Couturier.
17:45 of 2nd period - Deflect By Matt Calvert.
17:45 of 2nd period - Stopped by Roberto Luongo with a rebound.
17:47 of 2nd period - Shot by Matt Calvert.
17:47 of 2nd period - Shot Misses the Net.
17:49 of 2nd period - Shot by Sean Couturier.
17:49 of 2nd period - Deflect By Tyler Ennis.
17:49 of 2nd period - Stopped by Roberto Luongo without a rebound.
17:50 of 2nd period - Brad Richards wins face-off versus Sean Monahan in RedWings zone.
17:52 of 2nd period - Benoit Pouliot is hit by Eric Gryba and loses puck.
18:00 of 2nd period - Brad Richards is hit by Eric Gryba and loses puck.
18:49 of 2nd period - Shot by Connor McDavid.
18:49 of 2nd period - Stopped by Roberto Luongo without a rebound.
18:50 of 2nd period - Sean Couturier wins face-off versus Jonathan Drouin in RedWings zone.
19:13 of 2nd period - Shot by Sean Couturier.
19:13 of 2nd period - Shot Misses the Net.
19:15 of 2nd period - Shot by Sean Couturier.
19:15 of 2nd period - Stopped by Roberto Luongo without a rebound.
19:16 of 2nd period - Mikhail Grabovski wins face-off versus Connor McDavid in RedWings zone.
19:34 of 2nd period - Icing by Chris Tanev.
19:35 of 2nd period - Jonathan Drouin wins face-off versus Connor McDavid in Rangers zone.
19:50 of 2nd period - Shot by Tyler Toffoli.
19:50 of 2nd period - Stopped by Brian Elliott without a rebound.
19:51 of 2nd period - Brad Richards wins face-off versus Sean Monahan in Rangers zone.
Goals for this period are 0 for Rangers vs 3 for RedWings.
Shots for this period are 13 for Rangers vs 9 for RedWings.

3rd period


0:01 of 3rd period - Jonathan Drouin wins face-off versus Connor McDavid in neutral zone.
0:19 of 3rd period - Shot by Tomas Tatar.
0:19 of 3rd period - Shot Misses the Net.
0:21 of 3rd period - Shot by Connor McDavid.
0:21 of 3rd period - Stopped by Roberto Luongo with a rebound.
1:11 of 3rd period - Shot by Jaromir Jagr.
1:11 of 3rd period - Stopped by Roberto Luongo without a rebound.
1:12 of 3rd period - Sean Couturier wins face-off versus Mikhail Grabovski in RedWings zone.
1:12 of 3rd period - Tyler Ennis is hit by Andrew Campbell and loses puck.
2:23 of 3rd period - Shot by Brad Richards.
2:23 of 3rd period - Shot Misses the Net.
3:05 of 3rd period - Off-side.
3:06 of 3rd period - Craig Smith wins face-off versus Jonathan Drouin in neutral zone.
3:16 of 3rd period - Icing by Filip Forsberg.
3:17 of 3rd period - Connor McDavid wins face-off versus Jonathan Drouin in RedWings zone.
3:46 of 3rd period - Shot by Craig Smith.
3:46 of 3rd period - Stopped by Roberto Luongo without a rebound.
3:47 of 3rd period - Brad Richards wins face-off versus Mikhail Grabovski in RedWings zone.
4:58 of 3rd period - Shot by Sean Monahan.
4:58 of 3rd period - Shot Misses the Net.
5:28 of 3rd period - Shot by Tomas Tatar.
5:28 of 3rd period - Stopped by Roberto Luongo without a rebound.
5:29 of 3rd period - Sean Couturier wins face-off versus Jonathan Drouin in RedWings zone.
5:30 of 3rd period - Shot by Tyler Ennis.
5:30 of 3rd period - Shot Blocked by Filip Forsberg.
6:23 of 3rd period - Icing by Joel Edmundson.
6:24 of 3rd period - Mikhail Grabovski wins face-off versus Sean Couturier in Rangers zone.
6:31 of 3rd period - Shot by Sam Gagner.
6:31 of 3rd period - Stopped by Brian Elliott with a rebound.
7:27 of 3rd period - Shot by Sean Monahan.
7:27 of 3rd period - Shot Misses the Net.
7:49 of 3rd period - Shot by Sean Monahan.
7:49 of 3rd period - Stopped by Brian Elliott without a rebound.
7:50 of 3rd period - Jonathan Drouin wins face-off versus Brad Richards in Rangers zone.
8:05 of 3rd period - Shot by Jaromir Jagr.
8:05 of 3rd period - Shot Misses the Net.
8:19 of 3rd period - Shot by Brad Richards.
8:19 of 3rd period - Stopped by Roberto Luongo without a rebound.
8:20 of 3rd period - Mikhail Grabovski wins face-off versus Sean Couturier in RedWings zone.
8:31 of 3rd period - Shot by Erik Haula.
8:31 of 3rd period - Stopped by Brian Elliott with a rebound.
9:07 of 3rd period - Minor Penalty to Jaromir Jagr for Close Hand On Puck.
9:08 of 3rd period - Tyler Toffoli wins face-off versus Brad Richards in Rangers zone.
9:27 of 3rd period - Shot by Eric Gryba.
9:27 of 3rd period - Stopped by Brian Elliott with a rebound.
9:31 of 3rd period - Shot by Filip Forsberg.
9:31 of 3rd period - Stopped by Brian Elliott without a rebound.
9:32 of 3rd period - Sean Monahan wins face-off versus Brad Richards in Rangers zone.
9:45 of 3rd period - Shot by Sean Monahan.
9:45 of 3rd period - Stopped by Brian Elliott with a rebound.
9:47 of 3rd period - Shot by Eric Gryba.
9:47 of 3rd period - Shot Blocked by Alex Goligoski.
9:49 of 3rd period - Shot by Eric Gryba.
9:49 of 3rd period - Stopped by Brian Elliott without a rebound.
9:50 of 3rd period - Brad Richards wins face-off versus Tyler Toffoli in Rangers zone.
10:05 of 3rd period - Shot by Zach Trotman.
10:05 of 3rd period - Stopped by Brian Elliott without a rebound.
10:06 of 3rd period - Jonathan Drouin wins face-off versus Brad Richards in Rangers zone.
10:15 of 3rd period - Shot by Jonathan Drouin.
10:15 of 3rd period - Stopped by Brian Elliott without a rebound.
10:16 of 3rd period - Brad Richards wins face-off versus Tyler Toffoli in Rangers zone.
11:14 of 3rd period - Shot by Loui Eriksson.
11:14 of 3rd period - Shot Misses the Net.
11:22 of 3rd period - Shot by Tomas Tatar.
11:22 of 3rd period - Deflect By Connor McDavid.
11:22 of 3rd period - Shot Blocked by Zach Trotman.
11:29 of 3rd period - Icing by Loui Eriksson.
11:30 of 3rd period - Brad Richards wins face-off versus Sean Monahan in RedWings zone.
11:49 of 3rd period - Shot by Sean Monahan.
11:49 of 3rd period - Stopped by Brian Elliott without a rebound.
11:50 of 3rd period - Sean Couturier wins face-off versus Mikhail Grabovski in Rangers zone.
11:52 of 3rd period - Icing by Chris Tanev.
11:53 of 3rd period - Jonathan Drouin wins face-off versus Sean Couturier in Rangers zone.
13:42 of 3rd period - Benoit Pouliot is hit by Thomas Hickey and loses puck.
13:47 of 3rd period - Shot by Jaromir Jagr.
13:47 of 3rd period - Shot Misses the Net.
13:49 of 3rd period - Shot by Benoit Pouliot.
13:49 of 3rd period - Stopped by Roberto Luongo without a rebound.
13:50 of 3rd period - Vincent Lecavalier wins face-off versus Brad Richards in RedWings zone.
14:20 of 3rd period - Shot by Mikael Backlund.
14:20 of 3rd period - Stopped by Roberto Luongo with a rebound.
14:22 of 3rd period - Shot by Chris Tanev.
14:22 of 3rd period - Stopped by Roberto Luongo without a rebound.
14:23 of 3rd period - Sean Monahan wins face-off versus Sean Couturier in RedWings zone.
15:38 of 3rd period - Shot by Tomas Tatar.
15:38 of 3rd period - Stopped by Roberto Luongo without a rebound.
15:39 of 3rd period - Benoit Pouliot wins face-off versus Andrew Cogliano in RedWings zone.
16:47 of 3rd period - Andrew Cogliano is hit by Craig Smith and loses puck.
16:58 of 3rd period - Icing by Zach Trotman.
16:59 of 3rd period - Vincent Lecavalier wins face-off versus Sean Couturier in RedWings zone.
18:39 of 3rd period - Shot by Loui Eriksson.
18:39 of 3rd period - Goal by Loui Eriksson - Rangers : 0 - RedWings : 7.
18:40 of 3rd period - Brad Richards wins face-off versus Mikhail Grabovski in neutral zone.
18:43 of 3rd period - Shot by Benoit Pouliot.
18:43 of 3rd period - Shot Blocked by Thomas Hickey.
18:58 of 3rd period - Icing by Chris Tanev.
18:59 of 3rd period - Brad Richards wins face-off versus Jonathan Drouin in Rangers zone.
19:05 of 3rd period - Off-side.
19:06 of 3rd period - Sean Couturier wins face-off versus Sean Monahan in neutral zone.
19:16 of 3rd period - Icing by Kevin Connauton.
19:17 of 3rd period - Connor McDavid wins face-off versus Sean Monahan in RedWings zone.
19:26 of 3rd period - Shot by Sean Monahan.
19:26 of 3rd period - Stopped by Brian Elliott with a rebound.
19:44 of 3rd period - Shot by Loui Eriksson.
19:44 of 3rd period - Stopped by Brian Elliott without a rebound.
19:45 of 3rd period - Jonathan Drouin wins face-off versus Brad Richards in Rangers zone.
Goals for this period are 0 for Rangers vs 1 for RedWings.
Shots for this period are 9 for Rangers vs 13 for RedWings.